 Dungeon Crawl Stone Soup version 0.29.1-1-gd02db6906a (webtiles) character file.

Game seed: 8748493572515946526

39 LustLizard the Trooper (level 3, -2/29 HPs)
             Began as a Demonspawn Fighter on Oct 5, 2022.
             Slain by Jessica
             ... wielding a +0 dagger
              (5 damage)
             ... on level 2 of the Dungeon.
             The game lasted 00:01:47 (1230 turns).

LustLizard the Trooper (Demonspawn Fighter)         Turns: 1230, Time: 00:01:48

Health: -2/29      AC:  8    Str: 16    XL:     3   Next: 26%
Magic:  3/3        EV:  8    Int:  9    God:
Gold:   70         SH:  8    Dex: 14    Spells: 2/2 levels left

rFire   . . .      SeeInvis .   a - +0 long sword
rCold   . . .      Faith    .   c - +0 buckler
rNeg    . . .      Spirit   .   b - +0 scale mail
rPois   .          Reflect  .   (no helmet)
rElec   .          Harm     .   (no cloak)
rCorr   .          Rampage  .   (no gloves)
Will    .....                   (no boots)
Stlth   ..........              (no amulet)
HPRegen 0.09/turn               (no ring)
MPRegen 0.08/turn               (no ring)

@: no status effects
A: molten scales 1, condensation shield
a: no special abilities


You were on level 2 of the Dungeon.
You visited 1 branch of the dungeon, and saw 2 of its levels.

You collected 70 gold pieces.

Inventory:

Hand Weapons
 a - a +0 long sword (weapon)
Missiles
 j - 2 poisoned darts (quivered)
 k - 5 javelins
Armour
 b - a +0 scale mail (worn)
 c - a +0 buckler (worn)
Scrolls
 e - 2 scrolls of identify {unknown}
 g - a scroll of fear {unknown}
 l - a scroll of enchant weapon {unknown}
Potions
 d - a potion of might
 f - a potion of curing {unknown}
 h - a potion of haste {unknown}
 i - a potion of berserk rage {unknown}
 m - a potion of flight {unknown}


   Skills:
 + Level 3.4 Fighting
 * Level 2.9 Long Blades
 * Level 0.4 Throwing
 - Level 2.6 Armour
 - Level 2.6 Shields


You had 2 spell levels left.
You didn't know any spells.
Your spell library contained the following spells:

 Spells                   Type           Power      Damage    Failure   Level
 Summon Small Mammal      Summ           0%         N/A       89%         1
 Call Canine Familiar     Summ           0%         N/A       99%         3
 Summon Guardian Golem    Hex/Summ       0%         N/A       99%         3


Dungeon Overview and Level Annotations

Branches:
Dungeon (2/15)

Altars:

Annotations:
D:2 Jessica


Innate Abilities, Weirdness & Mutations

You are partially covered in molten scales. (AC +2)
A meltable shield of frost defends you. (SH +4)


Message History

Jessica gestures wildly while chanting.
Jessica blinks!
The goblin shouts!
You hit Jessica.
Jessica is lightly wounded.
Jessica gestures at you while chanting. Pain shoots through your body!
Jessica mumbles some strange words.
Jessica blinks!
You closely miss the goblin. The goblin barely misses you.
Jessica mumbles some strange words.
Jessica blinks!
You barely miss the goblin. The goblin closely misses you.
You barely miss the goblin. You block the goblin's attack.
You barely miss the goblin. You block Jessica's attack.
The goblin hits you but does no damage. x2
Jessica hits you but does no damage.
You slash the goblin!
You kill the goblin!
Jessica gestures wildly while chanting.
Jessica blinks!
You barely miss Jessica. Jessica hits you but does no damage.
You barely miss Jessica. Jessica hits you with a +0 dagger.
Jessica gestures at you while chanting. Pain shoots through your body!
* * * LOW HITPOINT WARNING * * *
You hit Jessica.
Jessica is severely wounded.
Jessica barely misses you.
You barely miss Jessica.
Jessica is severely wounded.
Jessica barely misses you.
You hit Jessica but do no damage.
Jessica is severely wounded.
Jessica hits you with a +0 dagger.
* * * LOW HITPOINT WARNING * * *
You hit Jessica but do no damage.
Jessica is severely wounded.
Jessica hits you with a +0 dagger.
You die...

#...............##
#<..............#
##..............##
#.#.#........#..#
#.#..†........#.###
#.#...........#...#
#.#............##.###.
#.#.........@.!.......
#.#.........@......###
#.#..........##....#
###.......)# #......
#.####.#......#... #.#
#.##.#...# .. #.# #.#
...g.# # #.. ... ...
... #.. # .... ..
..... .


You could see Jessica.

Vanquished Creatures
  A worm (D:2)
  2 dart slugs (D:1)
  A bat (D:1)
  4 endoplasms
  2 giant cockroaches (D:1)
  4 goblins
  A hobgoblin (D:1)
  3 jackals (D:1)
  2 quokkas (D:1)
  4 ball pythons (D:1)
  2 kobolds (D:1)
  A rat (D:1)
27 creatures vanquished.

Vanquished Creatures (others)
  3 demonic plants (D:1)
  4 plants (D:1)
  A withered plant (D:1)
8 creatures vanquished.

Grand Total: 35 creatures vanquished

Notes
Turn   | Place    | Note
-------+----------+-------------------------------------------
     0 | D:1      | LustLizard the Demonspawn Fighter began the quest for the
                  | Orb.
     0 | D:1      | Reached XP level 1. HP: 18/18 MP: 1/1
    45 | D:1      | Found a faded altar of an unknown god.
    82 | D:1      | Gained mutation: A meltable shield of frost defends you.
                  | (SH +4) [demonic ancestry]
    82 | D:1      | Reached XP level 2. HP: 24/24 MP: 2/2
   697 | D:1      | Gained mutation: You are partially covered in molten
                  | scales. (AC +2) [demonic ancestry]
   697 | D:1      | Reached XP level 3. HP: 24/29 MP: 3/3
  1204 | D:2      | Noticed Jessica
  1230 | D:2      | Slain by Jessica

Illustrated notes

Levels and vault maps discovered:
D:1:      elethiomel_arrival_quiet, layout_loops_corners,
          shapermc_ecumenical_altar_gd, grunt_decor_one_mirror
D:2:      layout_rooms, nicolae_shop_vocational, uniq_sigmund, uniq_jessica,
          uniq_crazy_yiuf_cottage

Skill      XL: |  1 |
---------------+----+-----
Long Blades    | 2 |  2.9
Fighting       | |  3.4
Throwing       | |  0.4
Armour         | |  2.6
Shields        | |  2.6

Action                   || total
-------------------------++-------
Melee: Long sword        ||    74
Armor: Scale mail        ||    30
Dodge: Dodged            ||    18
Block: Buckler           ||    16
